Canadiens vs Rangers

Created - March 12 2007 at 19:04

Goals
1 2 3 T
Canadiens 1 0 0 1
Rangers 2 0 3 5
Shots
1 2 3 T
Canadiens 8 15 5 28
Rangers 8 5 13 26

Period #1

1. Rangers , Mike Fisher 23 (Marek Malik) at 10:03
2. Canadiens , Martin Gelinas 10 (Craig Rivet, Michael Ryder) at 14:57
3. Rangers , Marek Malik 5 (Michal Rozsival, Mike Fisher) at 17:43

Penalities :
No Penalty

Period #2

No Goal

Penalities :
Brendan Shanahan (NYR) for Roughing (Minor) at 1:51, Joe Corvo (NYR) for Kneeing (Major) at 4:26, Bryan McCabe (NYR) for High sticking (Minor) at 9:38, Olli Jokinen (MTL) for Checking from behind (Major) at 17:09

Period #3

4. Rangers , Rod Brind'Amour 22 (Mike Fisher, Nikolai Antropov) at 0:37 (PP)
5. Rangers , Todd White 11 (Sergei Zubov, Matt Cullen) at 10:03
6. Rangers , Joe Corvo 5 (Darius Kasparaitis, Todd White) at 18:39

Penalities :
Martin St-Louis (NYR) for Clipping (Minor) at 5:07, Mathieu Dandenault (MTL) for Elbowing (Minor) at 5:07, Martin Gelinas (MTL) for Clipping (Minor) at 7:50, Mike Johnson (MTL) for High sticking (Minor) at 11:18, Mathieu Dandenault (MTL) for Tripping (Minor) at 13:42, Owen Nolan (NYR) for Holding (Minor) at 16:29

Goalie Stats

David Aebischer (MTL), 21 saves from 26 shots - (0.808), L, 8-5-1, 60:00 minutes
Henrik Lundqvist (NYR), 27 saves from 28 shots - (0.964), W, 31-13-3, 60:00 minutes

Players Stats

Canadiens
Player Name              G  A  P  +/- PIM S  H  SB FO MP 
-----------------------------------------------------------
Andrei Markov            0  0  0  -2  0   2  0  2  0  23 
Christopher Higgins      0  0  0  -1  0   1  1  0  0  10 
Craig Rivet              0  1  1   1  0   0  1  1  0  23 
Daniel Sedin             0  0  0  -1  0   2  0  0  2  19 
Francis Bouillon         0  0  0  -2  0   0  3  1  0  17 
Henrik Sedin             0  0  0   1  0   4  0  2  32 23 
Martin Gelinas           1  0  1   1  2   5  1  0  0  15 
Mathieu Dandenault       0  0  0  -2  4   1  0  2  0  14 
Mathieu Schneider        0  0  0  -2  0   1  1  2  0  24 
Michael Ryder            0  1  1   1  0   1  0  0  0  15 
Mike Johnson             0  0  0  -2  2   4  3  0  0  14 
Olli Jokinen             0  0  0  -1  5   2  0  0  19 18 
Radek Bonk               0  0  0  -1  0   2  0  0  8  8  
Sergei Samsonov          0  0  0  -2  0   1  1  0  2  14 
Shane Doan               0  0  0  -1  0   0  0  0  1  20 
Sheldon Souray           0  0  0   1  0   1  3  0  0  21 
Steve Begin              0  0  0  -1  0   0  2  0  0  8  
Steve Reinprecht         0  0  0  -2  0   1  0  0  8  18 
Rangers
Player Name              G  A  P  +/- PIM S  H  SB FO MP 
-----------------------------------------------------------
Brendan Shanahan         0  0  0   0  2   2  2  0  2  23 
Bryan McCabe             0  0  0  -1  2   1  3  3  0  23 
Darius Kasparaitis       0  1  1   2  0   0  4  1  0  16 
Jan Bulis                0  0  0   0  0   0  0  0  0  2  
Joe Corvo                1  0  1   1  5   1  0  0  0  20 
Kirk Maltby              0  0  0   2  0   1  3  2  0  17 
Marek Malik              1  1  2   2  0   1  0  2  0  18 
Martin St-Louis          0  0  0  -1  2   4  0  0  2  20 
Matt Cullen              0  1  1   2  0   0  0  0  11 16 
Michael Nylander         0  0  0  -1  0   3  0  0  21 20 
Michal Rozsival          0  1  1   2  0   1  0  1  0  22 
Mike Fisher              1  2  3   2  0   4  2  0  6  21 
Mike Grier               0  0  0   0  0   0  0  0  1  8  
Nikolai Antropov         0  1  1   1  0   1  0  0  1  15 
Owen Nolan               0  0  0   0  2   0  1  0  0  3  
Rod Brind'Amour          1  0  1   2  0   4  0  0  28 23 
Sergei Zubov             0  1  1   0  0   0  1  2  0  25 
Todd White               1  1  2   2  0   3  0  0  0  13 

3 Stars

1 - Mike Fisher (NYR)
2 - Henrik Lundqvist (NYR)
3 - Marek Malik (NYR)

Power Play

Canadiens - 0 on 3 Attempt(s) - 0.00%
Rangers - 1 on 5 Attempt(s) - 20.00%

Penalty Kill

Canadiens - 4 on 5 Attempt(s) - 80.00% - Score 0 goal in Penalty Kill
Rangers - 3 on 3 Attempt(s) - 100.00% - Score 0 goal in Penalty Kill

Game Notes

No Game Note

Finance

Level 1 -- Attendance: 3969 (64.02%) -- Ticket Income $436,590.00
Level 2 -- Attendance: 3072 (61.44%) -- Ticket Income $215,040.00
Level 3 -- Attendance: 1163 (58.15%) -- Ticket Income $52,335.00
Level 4 -- Attendance: 1939 (48.47%) -- Ticket Income $58,170.00
Luxury Box -- Attendance: 680 (68.00%) -- Ticket Income $146,200.00
Game was played at the Madison Square Garden
Total Attendance: 10823 (59.47%)
Total Ticket Income: $944,880.30
Other Income: $110,022.80
Total Income: $1,054,903.00


Play by Play

Period #1

0:01 of 1st period - Michael Nylander wins face-off versus Shane Doan in neutral zone.
1:02 of 1st period - Shot by Rod Brind'Amour.
1:02 of 1st period - Shot Blocked by Andrei Markov.
1:05 of 1st period - Shot by Mike Fisher.
1:05 of 1st period - Stopped by David Aebischer with a rebound.
1:41 of 1st period - Icing by Mathieu Schneider.
1:42 of 1st period - Matt Cullen wins face-off versus Olli Jokinen in Canadiens zone.
1:45 of 1st period - Shot by Todd White.
1:45 of 1st period - Shot Blocked by Mathieu Schneider.
1:57 of 1st period - Off-side.
1:58 of 1st period - Steve Reinprecht wins face-off versus Michael Nylander in neutral zone.
1:58 of 1st period - Sergei Samsonov is hit by Brendan Shanahan and loses puck.
2:04 of 1st period - Shot by Martin St-Louis.
2:04 of 1st period - Shot Blocked by Mathieu Dandenault.
2:05 of 1st period - Shot by Bryan McCabe.
2:05 of 1st period - Shot Blocked by Francis Bouillon.
2:06 of 1st period - Shot by Bryan McCabe.
2:06 of 1st period - Shot Misses the Net.
2:07 of 1st period - Shot by Bryan McCabe.
2:07 of 1st period - Stopped by David Aebischer without a rebound.
2:08 of 1st period - Henrik Sedin wins face-off versus Matt Cullen in Canadiens zone.
2:16 of 1st period - Matt Cullen is hit by Craig Rivet and loses puck.
2:31 of 1st period - Matt Cullen is hit by Sheldon Souray and loses puck.
2:47 of 1st period - Shot by Kirk Maltby.
2:47 of 1st period - Stopped by David Aebischer with a rebound.
3:49 of 1st period - Martin St-Louis is hit by Francis Bouillon and loses puck.
4:09 of 1st period - Shot by Christopher Higgins.
4:09 of 1st period - Shot Blocked by Bryan McCabe.
4:44 of 1st period - Shot by Olli Jokinen.
4:44 of 1st period - Shot Blocked by Marek Malik.
4:47 of 1st period - Shot by Daniel Sedin.
4:47 of 1st period - Shot Misses the Net.
4:48 of 1st period - Shot by Andrei Markov.
4:48 of 1st period - Stopped by Henrik Lundqvist without a rebound.
4:49 of 1st period - Olli Jokinen wins face-off versus Matt Cullen in Rangers zone.
4:49 of 1st period - Martin Gelinas is hit by Darius Kasparaitis and loses puck.
5:15 of 1st period - Shot by Olli Jokinen.
5:15 of 1st period - Shot Misses the Net.
5:16 of 1st period - Shot by Christopher Higgins.
5:16 of 1st period - Stopped by Henrik Lundqvist without a rebound.
5:17 of 1st period - Rod Brind'Amour wins face-off versus Steve Reinprecht in Rangers zone.
5:31 of 1st period - Icing by Francis Bouillon.
5:32 of 1st period - Matt Cullen wins face-off versus Steve Reinprecht in Canadiens zone.
5:34 of 1st period - Todd White is hit by Mike Johnson and loses puck.
5:50 of 1st period - Shot by Matt Cullen.
5:50 of 1st period - Shot Blocked by Mathieu Dandenault.
6:15 of 1st period - Shot by Martin Gelinas.
6:15 of 1st period - Shot Misses the Net.
6:16 of 1st period - Shot by Henrik Sedin.
6:16 of 1st period - Stopped by Henrik Lundqvist without a rebound.
6:17 of 1st period - Radek Bonk wins face-off versus Rod Brind'Amour in Rangers zone.
6:20 of 1st period - Shot by Steve Begin.
6:20 of 1st period - Shot Misses the Net.
6:30 of 1st period - Mike Fisher is hit by Christopher Higgins and loses puck.
6:40 of 1st period - Shot by Rod Brind'Amour.
6:40 of 1st period - Shot Misses the Net.
7:04 of 1st period - Icing by Andrei Markov.
7:05 of 1st period - Radek Bonk wins face-off versus Michael Nylander in Canadiens zone.
7:17 of 1st period - Brendan Shanahan is hit by Martin Gelinas and loses puck.
9:27 of 1st period - Shot by Olli Jokinen.
9:27 of 1st period - Shot Blocked by Bryan McCabe.
9:39 of 1st period - Icing by Olli Jokinen.
9:40 of 1st period - Rod Brind'Amour wins face-off versus Olli Jokinen in Canadiens zone.
10:03 of 1st period - Shot by Mike Fisher.
10:03 of 1st period - Goal by Mike Fisher - Canadiens : 0 - Rangers : 1.
10:04 of 1st period - Matt Cullen wins face-off versus Henrik Sedin in neutral zone.
10:20 of 1st period - Icing by Craig Rivet.
10:21 of 1st period - Henrik Sedin wins face-off versus Rod Brind'Amour in Canadiens zone.
11:36 of 1st period - Shot by Mike Johnson.
11:36 of 1st period - Stopped by Henrik Lundqvist without a rebound.
11:37 of 1st period - Matt Cullen wins face-off versus Radek Bonk in Rangers zone.
11:37 of 1st period - Todd White is hit by Mathieu Schneider and loses puck.
11:57 of 1st period - Shot by Radek Bonk.
11:57 of 1st period - Shot Misses the Net.
11:58 of 1st period - Shot by Steve Begin.
11:58 of 1st period - Shot Misses the Net.
12:03 of 1st period - Shot by Radek Bonk.
12:03 of 1st period - Stopped by Henrik Lundqvist without a rebound.
12:04 of 1st period - Rod Brind'Amour wins face-off versus Henrik Sedin in Rangers zone.
13:44 of 1st period - Andrei Markov is hit by Kirk Maltby and loses puck.
14:33 of 1st period - Icing by Sergei Zubov.
14:34 of 1st period - Henrik Sedin wins face-off versus Michael Nylander in Rangers zone.
14:34 of 1st period - Martin Gelinas is hit by Bryan McCabe and loses puck.
14:38 of 1st period - Shot by Henrik Sedin.
14:38 of 1st period - Shot Misses the Net.
14:39 of 1st period - Shot by Sheldon Souray.
14:39 of 1st period - Shot Misses the Net.
14:42 of 1st period - Shot by Martin Gelinas.
14:42 of 1st period - Shot Misses the Net.
14:51 of 1st period - Shot by Michael Ryder.
14:51 of 1st period - Shot Blocked by Bryan McCabe.
14:54 of 1st period - Shot by Martin Gelinas.
14:54 of 1st period - Stopped by Henrik Lundqvist with a rebound.
14:57 of 1st period - Shot by Martin Gelinas.
14:57 of 1st period - Goal by Martin Gelinas - Canadiens : 1 - Rangers : 1.
14:58 of 1st period - Matt Cullen wins face-off versus Sergei Samsonov in neutral zone.
15:15 of 1st period - Shot by Todd White.
15:15 of 1st period - Stopped by David Aebischer without a rebound.
15:16 of 1st period - Michael Nylander wins face-off versus Henrik Sedin in Canadiens zone.
16:39 of 1st period - Shot by Mike Johnson.
16:39 of 1st period - Shot Misses the Net.
17:20 of 1st period - Shot by Mike Fisher.
17:20 of 1st period - Stopped by David Aebischer without a rebound.
17:21 of 1st period - Radek Bonk wins face-off versus Rod Brind'Amour in Canadiens zone.
17:27 of 1st period - Steve Begin is hit by Mike Fisher and loses puck.
17:41 of 1st period - Shot by Mike Fisher.
17:41 of 1st period - Shot Blocked by Mathieu Schneider.
17:42 of 1st period - Shot by Michal Rozsival.
17:42 of 1st period - Stopped by David Aebischer with a rebound.
17:43 of 1st period - Shot by Marek Malik.
17:43 of 1st period - Goal by Marek Malik - Canadiens : 1 - Rangers : 2.
17:44 of 1st period - Michael Nylander wins face-off versus Henrik Sedin in neutral zone.
18:51 of 1st period - Shot by Mike Johnson.
18:51 of 1st period - Shot Misses the Net.
18:52 of 1st period - Shot by Mathieu Dandenault.
18:52 of 1st period - Stopped by Henrik Lundqvist without a rebound.
18:53 of 1st period - Rod Brind'Amour wins face-off versus Olli Jokinen in Rangers zone.
19:23 of 1st period - Daniel Sedin is hit by Owen Nolan and loses puck.
19:58 of 1st period - Martin St-Louis is hit by Sergei Samsonov and loses puck.

Period #2

0:01 of 2nd period - Michael Nylander wins face-off versus Olli Jokinen in neutral zone.
0:04 of 2nd period - Shot by Martin St-Louis.
0:04 of 2nd period - Stopped by David Aebischer without a rebound.
0:05 of 2nd period - Henrik Sedin wins face-off versus Rod Brind'Amour in Canadiens zone.
0:05 of 2nd period - Sheldon Souray is hit by Mike Fisher and loses puck.
0:23 of 2nd period - Shot by Henrik Sedin.
0:23 of 2nd period - Shot Blocked by Marek Malik.
0:26 of 2nd period - Shot by Martin Gelinas.
0:26 of 2nd period - Shot Misses the Net.
0:27 of 2nd period - Shot by Craig Rivet.
0:27 of 2nd period - Shot Misses the Net.
0:28 of 2nd period - Shot by Sheldon Souray.
0:28 of 2nd period - Shot Misses the Net.
0:29 of 2nd period - Shot by Henrik Sedin.
0:29 of 2nd period - Stopped by Henrik Lundqvist without a rebound.
0:30 of 2nd period - Olli Jokinen wins face-off versus Michael Nylander in Rangers zone.
0:33 of 2nd period - Shot by Olli Jokinen.
0:33 of 2nd period - Shot Misses the Net.
0:34 of 2nd period - Shot by Andrei Markov.
0:34 of 2nd period - Stopped by Henrik Lundqvist without a rebound.
0:35 of 2nd period - Steve Reinprecht wins face-off versus Matt Cullen in Rangers zone.
0:38 of 2nd period - Shot by Sergei Samsonov.
0:38 of 2nd period - Stopped by Henrik Lundqvist without a rebound.
0:39 of 2nd period - Michael Nylander wins face-off versus Olli Jokinen in Rangers zone.
0:58 of 2nd period - Shot by Daniel Sedin.
0:58 of 2nd period - Shot Blocked by Sergei Zubov.
1:03 of 2nd period - Shot by Daniel Sedin.
1:03 of 2nd period - Shot Misses the Net.
1:04 of 2nd period - Shot by Andrei Markov.
1:04 of 2nd period - Shot Blocked by Sergei Zubov.
1:05 of 2nd period - Shot by Mathieu Schneider.
1:05 of 2nd period - Stopped by Henrik Lundqvist with a rebound.
1:29 of 2nd period - Icing by Sergei Zubov.
1:30 of 2nd period - Henrik Sedin wins face-off versus Michael Nylander in Rangers zone.
1:30 of 2nd period - Martin Gelinas is hit by Bryan McCabe and loses puck.
1:45 of 2nd period - Henrik Sedin is hit by Bryan McCabe and loses puck.
1:49 of 2nd period - Shot by Henrik Sedin.
1:49 of 2nd period - Stopped by Henrik Lundqvist with a rebound.
1:51 of 2nd period - Minor Penalty to Brendan Shanahan for Roughing.
1:52 of 2nd period - Rod Brind'Amour wins face-off versus Henrik Sedin in Rangers zone.
2:11 of 2nd period - Shot by Henrik Sedin.
2:11 of 2nd period - Shot Misses the Net.
2:40 of 2nd period - Shot by Daniel Sedin.
2:40 of 2nd period - Stopped by Henrik Lundqvist with a rebound.
3:54 of 2nd period - Mike Johnson is hit by Brendan Shanahan and loses puck.
4:25 of 2nd period - Sergei Samsonov is hit by Darius Kasparaitis and loses puck.
4:26 of 2nd period - Major Penalty to Joe Corvo for Kneeing.
4:27 of 2nd period - Olli Jokinen wins face-off versus Mike Fisher in neutral zone.
5:28 of 2nd period - Shot by Martin Gelinas.
5:28 of 2nd period - Shot Blocked by Kirk Maltby.
5:40 of 2nd period - Icing by Francis Bouillon.
5:41 of 2nd period - Olli Jokinen wins face-off versus Mike Fisher in Canadiens zone.
6:16 of 2nd period - Shot by Henrik Sedin.
6:16 of 2nd period - Stopped by Henrik Lundqvist with a rebound.
6:50 of 2nd period - Icing by Andrei Markov.
6:51 of 2nd period - Rod Brind'Amour wins face-off versus Steve Reinprecht in Canadiens zone.
7:22 of 2nd period - Shot by Steve Reinprecht.
7:22 of 2nd period - Shot Blocked by Darius Kasparaitis.
7:53 of 2nd period - Shot by Rod Brind'Amour.
7:53 of 2nd period - Stopped by David Aebischer without a rebound.
7:54 of 2nd period - Olli Jokinen wins face-off versus Mike Grier in Canadiens zone.
8:05 of 2nd period - Shot by Martin Gelinas.
8:05 of 2nd period - Stopped by Henrik Lundqvist with a rebound.
8:08 of 2nd period - Shot by Olli Jokinen.
8:08 of 2nd period - Stopped by Henrik Lundqvist without a rebound.
8:09 of 2nd period - Henrik Sedin wins face-off versus Rod Brind'Amour in Rangers zone.
9:37 of 2nd period - Mike Johnson is hit by Kirk Maltby and loses puck.
9:38 of 2nd period - Minor Penalty to Bryan McCabe for High sticking.
9:39 of 2nd period - Rod Brind'Amour wins face-off versus Daniel Sedin in Rangers zone.
9:48 of 2nd period - Shot by Daniel Sedin.
9:48 of 2nd period - Stopped by Henrik Lundqvist without a rebound.
9:49 of 2nd period - Olli Jokinen wins face-off versus Mike Fisher in Rangers zone.
9:56 of 2nd period - Shot by Olli Jokinen.
9:56 of 2nd period - Shot Misses the Net.
10:01 of 2nd period - Shot by Daniel Sedin.
10:01 of 2nd period - Shot Misses the Net.
10:34 of 2nd period - Shot by Martin Gelinas.
10:34 of 2nd period - Stopped by Henrik Lundqvist without a rebound.
10:35 of 2nd period - Brendan Shanahan wins face-off versus Henrik Sedin in Rangers zone.
10:41 of 2nd period - Icing by Craig Rivet.
10:42 of 2nd period - Mike Fisher wins face-off versus Henrik Sedin in Canadiens zone.
11:36 of 2nd period - Off-side.
11:37 of 2nd period - Henrik Sedin wins face-off versus Rod Brind'Amour in neutral zone.
11:44 of 2nd period - Shot by Martin Gelinas.
11:44 of 2nd period - Stopped by Henrik Lundqvist with a rebound.
11:48 of 2nd period - Michael Nylander is hit by Francis Bouillon and loses puck.
13:00 of 2nd period - Shot by Radek Bonk.
13:00 of 2nd period - Stopped by Henrik Lundqvist without a rebound.
13:01 of 2nd period - Henrik Sedin wins face-off versus Nikolai Antropov in Rangers zone.
13:16 of 2nd period - Shot by Rod Brind'Amour.
13:16 of 2nd period - Shot Misses the Net.
13:17 of 2nd period - Shot by Michal Rozsival.
13:17 of 2nd period - Shot Misses the Net.
13:20 of 2nd period - Shot by Rod Brind'Amour.
13:20 of 2nd period - Shot Blocked by Henrik Sedin.
14:51 of 2nd period - Shot by Steve Reinprecht.
14:51 of 2nd period - Stopped by Henrik Lundqvist with a rebound.
16:11 of 2nd period - Off-side.
16:12 of 2nd period - Rod Brind'Amour wins face-off versus Steve Reinprecht in neutral zone.
16:27 of 2nd period - Shot by Mathieu Dandenault.
16:27 of 2nd period - Stopped by Henrik Lundqvist without a rebound.
16:28 of 2nd period - Olli Jokinen wins face-off versus Michael Nylander in Rangers zone.
16:56 of 2nd period - Brendan Shanahan is hit by Sheldon Souray and loses puck.
17:09 of 2nd period - Major Penalty to Olli Jokinen for Checking from behind.
17:10 of 2nd period - Rod Brind'Amour wins face-off versus Henrik Sedin in Canadiens zone.
17:13 of 2nd period - Shot by Nikolai Antropov.
17:13 of 2nd period - Stopped by David Aebischer without a rebound.
17:14 of 2nd period - Rod Brind'Amour wins face-off versus Henrik Sedin in Canadiens zone.
17:15 of 2nd period - Shot by Mike Fisher.
17:15 of 2nd period - Stopped by David Aebischer without a rebound.
17:16 of 2nd period - Henrik Sedin wins face-off versus Rod Brind'Amour in Canadiens zone.
17:27 of 2nd period - Shot by Rod Brind'Amour.
17:27 of 2nd period - Stopped by David Aebischer without a rebound.
17:28 of 2nd period - Martin St-Louis wins face-off versus Henrik Sedin in Canadiens zone.
17:56 of 2nd period - Off-side.
17:57 of 2nd period - Rod Brind'Amour wins face-off versus Steve Reinprecht in neutral zone.
18:46 of 2nd period - Shot by Martin St-Louis.
18:46 of 2nd period - Shot Misses the Net.
19:56 of 2nd period - Icing by Marek Malik.
19:57 of 2nd period - Matt Cullen wins face-off versus Henrik Sedin in Rangers zone.

Period #3

0:01 of 3rd period - Michael Nylander wins face-off versus Henrik Sedin in neutral zone.
0:16 of 3rd period - Shot by Martin St-Louis.
0:16 of 3rd period - Stopped by David Aebischer without a rebound.
0:17 of 3rd period - Rod Brind'Amour wins face-off versus Henrik Sedin in Canadiens zone.
0:34 of 3rd period - Shot by Nikolai Antropov.
0:34 of 3rd period - Shot Misses the Net.
0:37 of 3rd period - Shot by Rod Brind'Amour.
0:37 of 3rd period - Goal by Rod Brind'Amour - Canadiens : 1 - Rangers : 3.
0:38 of 3rd period - Michael Nylander wins face-off versus Daniel Sedin in neutral zone.
2:56 of 3rd period - Off-side.
2:57 of 3rd period - Rod Brind'Amour wins face-off versus Radek Bonk in neutral zone.
2:59 of 3rd period - Michal Rozsival is hit by Steve Begin and loses puck.
3:38 of 3rd period - Icing by Marek Malik.
3:39 of 3rd period - Henrik Sedin wins face-off versus Rod Brind'Amour in Rangers zone.
4:16 of 3rd period - Shot by Martin Gelinas.
4:16 of 3rd period - Stopped by Henrik Lundqvist with a rebound.
4:17 of 3rd period - Shot by Sheldon Souray.
4:17 of 3rd period - Shot Blocked by Michal Rozsival.
4:22 of 3rd period - Shot by Martin Gelinas.
4:22 of 3rd period - Stopped by Henrik Lundqvist without a rebound.
4:23 of 3rd period - Sergei Samsonov wins face-off versus Michael Nylander in Rangers zone.
5:07 of 3rd period - Minor Penalty to Martin St-Louis for Clipping.
5:07 of 3rd period - Minor Penalty to Mathieu Dandenault for Elbowing.
5:08 of 3rd period - Olli Jokinen wins face-off versus Michael Nylander in neutral zone.
7:33 of 3rd period - Shot by Martin St-Louis.
7:33 of 3rd period - Stopped by David Aebischer without a rebound.
7:34 of 3rd period - Henrik Sedin wins face-off versus Martin St-Louis in Canadiens zone.
7:47 of 3rd period - Shot by Martin St-Louis.
7:47 of 3rd period - Shot Blocked by Henrik Sedin.
7:48 of 3rd period - Shot by Owen Nolan.
7:48 of 3rd period - Shot Misses the Net.
7:50 of 3rd period - Minor Penalty to Martin Gelinas for Clipping.
7:51 of 3rd period - Rod Brind'Amour wins face-off versus Olli Jokinen in Canadiens zone.
8:38 of 3rd period - Shot by Brendan Shanahan.
8:38 of 3rd period - Shot Misses the Net.
8:39 of 3rd period - Shot by Brendan Shanahan.
8:39 of 3rd period - Shot Misses the Net.
8:42 of 3rd period - Shot by Brendan Shanahan.
8:42 of 3rd period - Stopped by David Aebischer without a rebound.
8:43 of 3rd period - Olli Jokinen wins face-off versus Michael Nylander in Canadiens zone.
9:10 of 3rd period - Shot by Brendan Shanahan.
9:10 of 3rd period - Stopped by David Aebischer without a rebound.
9:11 of 3rd period - Rod Brind'Amour wins face-off versus Henrik Sedin in Canadiens zone.
9:57 of 3rd period - Kirk Maltby is hit by Francis Bouillon and loses puck.
10:03 of 3rd period - Shot by Todd White.
10:03 of 3rd period - Goal by Todd White - Canadiens : 1 - Rangers : 4.
10:04 of 3rd period - Radek Bonk wins face-off versus Matt Cullen in neutral zone.
10:38 of 3rd period - Radek Bonk is hit by Darius Kasparaitis and loses puck.
11:17 of 3rd period - Michael Nylander is hit by Mike Johnson and loses puck.
11:18 of 3rd period - Minor Penalty to Mike Johnson for High sticking.
11:19 of 3rd period - Henrik Sedin wins face-off versus Michael Nylander in Canadiens zone.
11:19 of 3rd period - Daniel Sedin is hit by Sergei Zubov and loses puck.
12:28 of 3rd period - Icing by Michal Rozsival.
12:29 of 3rd period - Rod Brind'Amour wins face-off versus Olli Jokinen in Rangers zone.
12:37 of 3rd period - Off-side.
12:38 of 3rd period - Henrik Sedin wins face-off versus Brendan Shanahan in neutral zone.
12:59 of 3rd period - Shot by Michael Nylander.
12:59 of 3rd period - Shot Blocked by Craig Rivet.
13:06 of 3rd period - Shot by Michael Nylander.
13:06 of 3rd period - Stopped by David Aebischer without a rebound.
13:07 of 3rd period - Olli Jokinen wins face-off versus Rod Brind'Amour in Canadiens zone.
13:31 of 3rd period - Steve Reinprecht is hit by Kirk Maltby and loses puck.
13:42 of 3rd period - Minor Penalty to Mathieu Dandenault for Tripping.
13:43 of 3rd period - Michael Nylander wins face-off versus Olli Jokinen in Canadiens zone.
13:52 of 3rd period - Shot by Michael Nylander.
13:52 of 3rd period - Shot Blocked by Andrei Markov.
13:53 of 3rd period - Shot by Michael Nylander.
13:53 of 3rd period - Stopped by David Aebischer without a rebound.
13:54 of 3rd period - Rod Brind'Amour wins face-off versus Olli Jokinen in Canadiens zone.
14:09 of 3rd period - Shot by Nikolai Antropov.
14:09 of 3rd period - Shot Misses the Net.
14:12 of 3rd period - Shot by Mike Fisher.
14:12 of 3rd period - Stopped by David Aebischer without a rebound.
14:13 of 3rd period - Michael Nylander wins face-off versus Henrik Sedin in Canadiens zone.
14:18 of 3rd period - Shot by Michael Nylander.
14:18 of 3rd period - Stopped by David Aebischer without a rebound.
14:19 of 3rd period - Michael Nylander wins face-off versus Henrik Sedin in Canadiens zone.
14:24 of 3rd period - Shot by Martin St-Louis.
14:24 of 3rd period - Stopped by David Aebischer with a rebound.
15:58 of 3rd period - Todd White is hit by Mike Johnson and loses puck.
16:08 of 3rd period - Shot by Steve Reinprecht.
16:08 of 3rd period - Shot Blocked by Kirk Maltby.
16:11 of 3rd period - Shot by Steve Reinprecht.
16:11 of 3rd period - Stopped by Henrik Lundqvist without a rebound.
16:12 of 3rd period - Rod Brind'Amour wins face-off versus Radek Bonk in Rangers zone.
16:12 of 3rd period - Sergei Zubov is hit by Steve Begin and loses puck.
16:29 of 3rd period - Minor Penalty to Owen Nolan for Holding.
16:30 of 3rd period - Henrik Sedin wins face-off versus Rod Brind'Amour in Rangers zone.
16:39 of 3rd period - Shot by Michael Ryder.
16:39 of 3rd period - Shot Misses the Net.
16:40 of 3rd period - Shot by Sheldon Souray.
16:40 of 3rd period - Stopped by Henrik Lundqvist without a rebound.
16:41 of 3rd period - Mike Fisher wins face-off versus Henrik Sedin in Rangers zone.
16:57 of 3rd period - Icing by Craig Rivet.
16:58 of 3rd period - Mike Fisher wins face-off versus Henrik Sedin in Canadiens zone.
16:58 of 3rd period - Mike Grier is hit by Sheldon Souray and loses puck.
18:36 of 3rd period - Shot by Todd White.
18:36 of 3rd period - Stopped by David Aebischer with a rebound.
18:39 of 3rd period - Shot by Joe Corvo.
18:39 of 3rd period - Goal by Joe Corvo - Canadiens : 1 - Rangers : 5.
18:40 of 3rd period - Steve Reinprecht wins face-off versus Matt Cullen in neutral zone.
18:42 of 3rd period - Sergei Samsonov is hit by Darius Kasparaitis and loses puck.
18:56 of 3rd period - Shot by Mike Johnson.
18:56 of 3rd period - Stopped by Henrik Lundqvist without a rebound.
18:57 of 3rd period - Michael Nylander wins face-off versus Radek Bonk in Rangers zone.


Output by the SimonT Hockey Simulator (STHS) for Stephane Roy -- Original Page W3C XHTML 1.0 Valid